[Event "K21"]
[Site "?"]
[Date "2024.07.30"]
[Round "4"]
[White "Roubik, Vit"]
[Black "Adelmeyer, Nelly"]
[Result "1/2-1/2"]
[ECO "D10"]
[WhiteElo "1813"]
[BlackElo "1846"]
[Annotator ",martin-koller@seznam"]
[PlyCount "39"]
[TimeControl "240+2"]

{600MB, Fritz10.ctg} 1. d4 d5 2. c4 c6 3. g3 Bf5 4. Nc3 e6 5. Nf3 Nd7 6. Nh4
Bg6 7. Nxg6 hxg6 8. Qb3 Qb6 9. c5 Qxb3 10. axb3 e5 11. e3 Ngf6 12. b4 Ng4 13.
h3 f5 14. Bg2 Ngf6 15. b5 Ne4 16. Bxe4 fxe4 17. bxc6 bxc6 18. Ra6 Nb8 19. Ra4
Be7 20. b4 1/2-1/2

[Event "K21"]
[Site "?"]
[Date "2024.07.30"]
[Round "4"]
[White "Feierfeil, Jiri"]
[Black "Plesnivy, Martin"]
[Result "0-1"]
[ECO "D05"]
[WhiteElo "1738"]
[BlackElo "1869"]
[Annotator ",martin-koller@seznam"]
[PlyCount "102"]
[TimeControl "240+2"]

{600MB, Fritz10.ctg} 1. d4 d5 2. Nf3 Nf6 3. e3 e6 4. Bd3 c5 5. c3 Bd6 6. Nbd2
Nc6 7. O-O Qc7 8. dxc5 Bxc5 9. Nb3 Bd6 10. h3 e5 11. Be2 O-O 12. c4 Be6 13. Ng5
Rad8 14. Nxe6 fxe6 15. c5 Be7 16. a3 Ne4 17. Bg4 Rf6 18. Qe2 Nb8 19. Nd2 Nxd2
20. Qxd2 Qxc5 21. b4 Qb6 22. Bb2 Nc6 23. Qe2 a6 24. Rad1 Rh6 25. g3 Rd6 26. Bc1
e4 27. Qa2 Ne5 28. Be2 Rxh3 29. Kg2 Rh6 30. Bb2 Bf6 31. Bd4 Qd8 32. Rh1 Rxh1
33. Rxh1 Nd7 34. Qb2 Bxd4 35. Qxd4 Qb6 36. Qb2 d4 37. exd4 Qxd4 38. Qb1 Nf6 39.
Rd1 Qe5 40. Rxd6 Qxd6 41. Qc2 Qd7 42. Qb3 Qc6 43. Kh2 Kf7 44. b5 axb5 45. Bxb5
Ng4+ 46. Kg2 Qc5 47. Bc4 Qxf2+ 48. Kh3 Qf5 49. Qxb7+ Kf6 50. Qb2+ Kg6 51. Kg2
Ne3+ 0-1

[Event "K21"]
[Site "?"]
[Date "2024.07.30"]
[Round "4"]
[White "Spindler, Markus"]
[Black "Smisek, Robin"]
[Result "1-0"]
[ECO "C54"]
[WhiteElo "1901"]
[BlackElo "1653"]
[Annotator ",martin-koller@seznam"]
[PlyCount "79"]
[TimeControl "240+2"]

{600MB, Fritz10.ctg} 1. e4 e5 2. Nf3 Nc6 3. Bc4 Bc5 4. c3 Nf6 5. d3 h6 6. O-O
d6 7. h3 O-O 8. b4 Bb6 9. a4 a6 10. Be3 Ba7 11. Bxa7 Rxa7 12. Re1 Re8 13. Nbd2
Nh5 14. Nf1 Nf4 15. Ne3 Qf6 16. Nd5 Nxd5 17. Bxd5 Ne7 18. Bb3 Ng6 19. Kh2 Nf4
20. Rg1 h5 21. Ra2 g5 22. h4 gxh4 23. Ne1 Kh7 24. g3 hxg3+ 25. fxg3 Bg4 26. Nf3
Ne6 27. Rf1 Qg7 28. Qe1 Bxf3 29. Rxf3 Rf8 30. Rf5 Ng5 31. Qe3 f6 32. Qxa7 b6
33. Raf2 Nf7 34. Bxf7 Rxf7 35. Rxh5+ Kg6 36. Rh4 f5 37. Rxf5 Rxf5 38. exf5+
Kxf5 39. Qb7 Qg5 40. Qf3+ 1-0

[Event "M21"]
[Site "?"]
[Date "2024.07.30"]
[Round "5"]
[White "Novak, Jindrich"]
[Black "Vavrinec, Tomas"]
[Result "1/2-1/2"]
[ECO "D41"]
[WhiteElo "2011"]
[BlackElo "1933"]
[Annotator ",martin-koller@seznam"]
[PlyCount "23"]
[TimeControl "240+2"]

{600MB, Fritz10.ctg} 1. d4 Nf6 2. Nf3 d5 3. c4 c5 4. cxd5 Nxd5 5. Nc3 e6 6. e4
Nxc3 7. bxc3 cxd4 8. cxd4 Bb4+ 9. Bd2 Qa5 10. Bxb4 Qxb4+ 11. Qd2 Qxd2+ 12. Kxd2
1/2-1/2

[Event "M21"]
[Site "?"]
[Date "2024.07.30"]
[Round "5"]
[White "Adelmayer, Matti"]
[Black "Sokolovsky, Jakub"]
[Result "1-0"]
[ECO "B22"]
[WhiteElo "1980"]
[BlackElo "2032"]
[Annotator ",martin-koller@seznam"]
[PlyCount "43"]
[TimeControl "240+2"]

{600MB, Fritz10.ctg} 1. e4 c5 2. c3 Nf6 3. e5 Nd5 4. d4 cxd4 5. Nf3 Nc6 6. Bc4
Nb6 7. Bb3 d6 8. exd6 Qxd6 9. O-O d3 10. Ng5 e6 11. Qh5 g6 12. Qf3 Ne5 13. Qf6
Rg8 14. Ne4 Qc7 15. Bf4 Bg7 16. Qh4 Nbd7 17. Ba4 Kf8 18. Nbd2 f5 19. Ng5 Nf6
20. Rfe1 h6 21. Bxe5 hxg5 22. Qb4+ 1-0

[Event "M21"]
[Site "?"]
[Date "2024.07.30"]
[Round "5"]
[White "Hanl, Frantisek"]
[Black "Hartwig, Maik"]
[Result "1-0"]
[ECO "B07"]
[WhiteElo "2098"]
[BlackElo "1999"]
[Annotator ",martin-koller@seznam"]
[PlyCount "80"]
[TimeControl "240+2"]

{600MB, Fritz10.ctg} 1. e4 g6 2. d4 Bg7 3. Nc3 d6 4. Be3 Nf6 5. Qd2 c6 6. O-O-O
b5 7. f3 Qa5 8. Kb1 Ba6 9. Bh6 Bxh6 10. Qxh6 b4 11. Nce2 Nbd7 12. Nh3 O-O-O 13.
Nc1 Bxf1 14. Rhxf1 c5 15. Qd2 h6 16. a3 Qb5 17. axb4 cxb4 18. Qd3 Qb6 19. Qc4+
Kb8 20. Qxf7 Rh7 21. Qe6 a5 22. Nf4 Nf8 23. Qb3 g5 24. Nd5 Nxd5 25. Qxd5 e6 26.
Qb3 Qb5 27. c4 Qa6 28. Rf2 Rc8 29. Rc2 Rhc7 30. c5 dxc5 31. dxc5 Rxc5 32. Rxc5
Rxc5 33. Rd8+ Rc8 34. Qd1 Qc6 35. Nb3 Qc7 36. Rd4 Qb6 37. Rd6 Rc6 38. Rxc6 Qxc6
39. Qd8+ Ka7 40. Qxf8 a4 1-0

[Event "M21"]
[Site "?"]
[Date "2024.07.30"]
[Round "5"]
[White "Dome, Michal"]
[Black "Kalisky, Vladimir"]
[Result "1/2-1/2"]
[ECO "D06"]
[WhiteElo "1932"]
[BlackElo "2128"]
[Annotator ",martin-koller@seznam"]
[PlyCount "71"]
[TimeControl "240+2"]

{600MB, Fritz10.ctg} 1. d4 d5 2. c4 c5 3. cxd5 Qxd5 4. Nf3 cxd4 5. Nc3 Qa5 6.
Nxd4 Nf6 7. Nb3 Qc7 8. Bg5 e5 9. Rc1 Nc6 10. g3 Be6 11. Bxf6 gxf6 12. Bg2 Rd8
13. Qc2 Bh6 14. Nb5 Qd7 15. e3 a6 16. Nc5 Nb4 17. Nxd7 Nxc2+ 18. Rxc2 axb5 19.
Nxf6+ Ke7 20. Ne4 Bxa2 21. O-O f5 22. Nd2 Rc8 23. Rfc1 Rxc2 24. Rxc2 Be6 25.
Bf1 Rc8 26. Rxc8 Bxc8 27. Bxb5 Bg7 28. b3 e4 29. Kf1 h6 30. Ke2 Bc3 31. Nc4 Be6
32. Kf1 Bf7 33. Ke2 Bh5+ 34. Kf1 Bd1 35. Ba4 Ke6 36. Na3 1/2-1/2

[Event "M21"]
[Site "?"]
[Date "2024.07.30"]
[Round "5"]
[White "Hentzgen, Thomas"]
[Black "Schambach, Frank"]
[Result "1/2-1/2"]
[ECO "A28"]
[WhiteElo "1964"]
[BlackElo "1942"]
[Annotator ",martin-koller@seznam"]
[PlyCount "98"]
[TimeControl "240+2"]

{600MB, Fritz10.ctg} 1. c4 e5 2. Nc3 Nf6 3. Nf3 Nc6 4. e4 Bc5 5. Nxe5 Nxe5 6.
d4 Bb4 7. dxe5 Nxe4 8. Qf3 d5 9. a3 Bxc3+ 10. bxc3 O-O 11. Bd3 f5 12. O-O Be6
13. Rb1 b6 14. Bc2 c6 15. Qh3 Qc7 16. f4 Qe7 17. cxd5 cxd5 18. Qe3 Rac8 19.
Bxe4 fxe4 20. Rb4 Rc6 21. Bb2 g6 22. h3 h5 23. Kh2 Rfc8 24. Re1 Rc4 25. Rd1
R8c5 26. Rd2 Qc7 27. Rxc4 Rxc4 28. Rd1 Qd7 29. Rd4 Rc6 30. Rb4 Qc7 31. Rd4 Rc5
32. Rd1 a5 33. Rd4 Qd7 34. Qd2 Qb5 35. Kg1 Qb3 36. Kf2 Rb5 37. Bc1 Kg7 38. Ke1
Qb1 39. Kd1 Rc5 40. Qb2 Qxb2 41. Bxb2 Kf7 42. Ke2 Bd7 43. c4 Ke6 44. cxd5+ Rxd5
45. Rxe4 Bb5+ 46. Ke1 Kf5 47. Rd4 Rxd4 48. Bxd4 Kxf4 49. Kf2 Ke4 1/2-1/2

[Event "K21"]
[Site "?"]
[Date "2024.07.30"]
[Round "5"]
[White "Nelson, Wayne"]
[Black "Spindler, Markus"]
[Result "1/2-1/2"]
[ECO "D02"]
[WhiteElo "1886"]
[BlackElo "1901"]
[Annotator ",martin-koller@seznam"]
[PlyCount "40"]
[TimeControl "240+2"]

{600MB, Fritz10.ctg} 1. d4 d5 2. Nf3 c6 3. Bf4 e6 4. e3 Bd6 5. Bxd6 Qxd6 6. a3
Nf6 7. c4 O-O 8. Nc3 Nbd7 9. Bd3 b6 10. O-O Bb7 11. Rc1 a6 12. cxd5 cxd5 13. h3
Rfd8 14. Qe2 e5 15. dxe5 Nxe5 16. Nxe5 Qxe5 17. Rfd1 b5 18. Qd2 g6 19. Ne2 Rac8
20. Nd4 Kg7 1/2-1/2

[Event "K21"]
[Site "?"]
[Date "2024.07.30"]
[Round "5"]
[White "Suchy, Ladislav"]
[Black "Reichmann, Steffen"]
[Result "0-1"]
[ECO "B28"]
[WhiteElo "1856"]
[BlackElo "1951"]
[Annotator ",martin-koller@seznam"]
[PlyCount "38"]
[TimeControl "240+2"]

{600MB, Fritz10.ctg} 1. e4 c5 2. Nf3 a6 3. d4 cxd4 4. Nxd4 Nf6 5. Nc3 e5 6. Nf3
Bb4 7. Bd3 d5 8. exd5 Qxd5 9. Qe2 O-O 10. Bc4 Bxc3+ 11. bxc3 Qa5 12. Bd2 Nc6
13. O-O Bg4 14. h3 Bh5 15. Qe3 Rfe8 16. Rfe1 Rad8 17. Nh4 e4 18. Rad1 Bxd1 19.
Rxd1 Qh5 0-1

[Event "K21"]
[Site "?"]
[Date "2024.07.30"]
[Round "5"]
[White "Adelmeyer, Nelly"]
[Black "Artamonov, Mikhail"]
[Result "1/2-1/2"]
[ECO "A48"]
[WhiteElo "1846"]
[BlackElo "1800"]
[Annotator ",martin-koller@seznam"]
[PlyCount "42"]
[TimeControl "240+2"]

{600MB, Fritz10.ctg} 1. d4 Nf6 2. Nf3 d6 3. e3 g6 4. Bd3 Bg7 5. Nbd2 O-O 6. b3
Re8 7. Bb2 Nbd7 8. c4 e5 9. Bc2 exd4 10. Bxd4 Ne5 11. O-O Nfd7 12. Rb1 Nf8 13.
Ne4 Bg4 14. Bxe5 dxe5 15. Qxd8 Raxd8 16. Rbd1 Rxd1 17. Rxd1 f5 18. Ng3 e4 19.
h3 Bxf3 20. gxf3 exf3 21. Nf1 Be5 1/2-1/2

[Event "K21"]
[Site "?"]
[Date "2024.07.30"]
[Round "5"]
[White "Smisek, Robin"]
[Black "Feierfel, Jiri"]
[Result "1-0"]
[ECO "B84"]
[WhiteElo "1653"]
[BlackElo "1738"]
[Annotator ",martin-koller@seznam"]
[PlyCount "79"]
[TimeControl "240+2"]

{600MB, Fritz10.ctg} 1. e4 c5 2. Nf3 d6 3. d4 cxd4 4. Nxd4 Nf6 5. Nc3 e6 6. Be2
Be7 7. O-O O-O 8. Be3 a6 9. Qd2 Qc7 10. Nf3 b5 11. a3 Bb7 12. Bd3 Nc6 13. Rfe1
Rad8 14. Rad1 Ng4 15. h3 Nxe3 16. Qxe3 Bf6 17. Bf1 Rfe8 18. Nh2 b4 19. axb4
Nxb4 20. Qd2 Bxc3 21. bxc3 Nc6 22. Nf3 h6 23. Ra1 Ra8 24. Ra3 Red8 25. Rea1 Qc8
26. Bd3 Nb8 27. Qe2 g6 28. e5 d5 29. Nd4 Kg7 30. Nb5 axb5 31. Rxa8 Bxa8 32.
Rxa8 Qc6 33. Ra3 Qc5 34. Rb3 d4 35. cxd4 Qxd4 36. Rxb5 Qa1+ 37. Kh2 Nc6 38. Qe4
Nd4 39. Rb7 Qc1 40. Qxg6+ 1-0

[Event "K21"]
[Site "?"]
[Date "2024.07.30"]
[Round "5"]
[White "Plesnivy, Martin"]
[Black "Roubik, Vit"]
[Result "1/2-1/2"]
[ECO "E90"]
[WhiteElo "1869"]
[BlackElo "1813"]
[Annotator ",martin-koller@seznam"]
[PlyCount "77"]
[TimeControl "240+2"]

{600MB, Fritz10.ctg} 1. d4 Nf6 2. Nf3 g6 3. c4 Bg7 4. Nc3 O-O 5. e4 d6 6. h3 c5
7. d5 e6 8. Bd3 exd5 9. exd5 a6 10. O-O b6 11. Bg5 h6 12. Bh4 Nbd7 13. Qd2 Bb7
14. a4 Qc7 15. Rfe1 Rae8 16. Ne4 Nxe4 17. Bxe4 a5 18. Rad1 Kh7 19. b3 Ne5 20.
Nxe5 Rxe5 21. Bg3 Re7 22. Bd3 Rfe8 23. Rxe7 Rxe7 24. Re1 Bc8 25. Rxe7 Qxe7 26.
Qe2 Qxe2 27. Bxe2 Bf8 28. Bd3 f5 29. Bh2 h5 30. f3 Kg7 31. Kf2 Kf6 32. Ke3 Bh6+
33. Ke2 f4 34. Be4 h4 35. Bg1 g5 36. Bf2 Bg7 37. Be1 Kf7 38. Kd3 Bd4 39. Bd2
1/2-1/2

[Event "M21"]
[Site "?"]
[Date "2024.07.31"]
[Round "6"]
[White "Schambach, Frank"]
[Black "Vavrinec, Tomas"]
[Result "0-1"]
[ECO "C17"]
[WhiteElo "1942"]
[BlackElo "1933"]
[Annotator ",martin-koller@seznam"]
[PlyCount "56"]
[TimeControl "240+2"]

{600MB, Fritz10.ctg} 1. e4 e6 2. d4 d5 3. Nc3 Bb4 4. e5 c5 5.
Bd2 cxd4 6. Nb5 Bf8 7. Nxd4 Nc6 8. Ngf3 Nge7 9. Bd3 Nxd4 10. Nxd4 Nc6 11. Nf3
Qc7 12. Qe2 Nb4 13. Bxb4 Bxb4+ 14. c3 Be7 15. O-O Bd7 16. Rac1 Qa5 17. b4 Qb6
18. Nd4 a5 19. a3 O-O 20. f4 axb4 21. axb4 Ra3 22. Kh1 Rc8 23. Rf3 Raxc3 24.
Bxh7+ Kxh7 25. Rfxc3 Rxc3 26. Ra1 Qxd4 27. Qh5+ Kg8 28. Ra8+ Rc8 0-1

[Event "M21"]
[Site "?"]
[Date "2024.07.31"]
[Round "6"]
[White "Hentzgen, Thomas"]
[Black "Hanl, Frantisek"]
[Result "0-1"]
[ECO "A27"]
[WhiteElo "1964"]
[BlackElo "2098"]
[Annotator ",martin-koller@seznam"]
[PlyCount "68"]
[TimeControl "240+2"]

{600MB, Fritz10.ctg} 1. c4 e5 2. Nc3 Nc6 3. Nf3 f5 4. d4 e4 5. Ng5 Be7 6. Nh3
Nf6 7. g3 d5 8. cxd5 Nxd5 9. a3 Bf6 10. e3 Nce7 11. Qb3 c6 12. Nf4 Nxf4 13.
gxf4 Nd5 14. Bc4 Nb6 15. Bf7+ Kf8 16. a4 Qe7 17. Bh5 Be6 18. Qc2 g6 19. Be2 Kg7
20. O-O Rac8 21. a5 Nd5 22. Nxd5 Bxd5 23. a6 b6 24. Qa4 c5 25. dxc5 Rxc5 26.
Bd2 Qf7 27. b4 Bb3 28. Qa3 Rc2 29. Bd1 Rb2 30. Rc1 Bc4 31. Bc3 Ra2 32. Qa4 b5
33. Re1 Rd8 34. Bxf6+ Qxf6 neèitelné 0-1

[Event "M21"]
[Site "?"]
[Date "2024.07.31"]
[Round "6"]
[White "Sokolovsky, Jakub"]
[Black "Novak, Jindrich"]
[Result "1-0"]
[ECO "A41"]
[WhiteElo "2032"]
[BlackElo "2011"]
[Annotator ",martin-koller@seznam"]
[PlyCount "76"]
[TimeControl "240+2"]

{600MB, Fritz10.ctg} 1. e4 d6 2. d4 e5 3. Nf3 Nc6 4. d5 Nce7 5. c4 b6 6. Nc3
Bg4 7. Be3 Ng6 8. g3 Be7 9. h4 Nf6 10. Be2 Nd7 11. h5 Ngf8 12. Qa4 Bxf3 13.
Bxf3 Bg5 14. Bxg5 Qxg5 15. Qc6 Qd8 16. Nb5 Ke7 17. Qxc7 Qxc7 18. Nxc7 Rc8 19.
Nb5 Rxc4 20. Nxa7 Nc5 21. Nc8+ Kf6 22. Nxd6 Rc2 23. O-O Rxb2 24. Ne8+ Kg5 25.
Nxg7 Nfd7 26. Rfb1 Rd2 27. Rc1 Rb2 28. Nf5 Ra8 29. Nd6 Kf6 30. Bd1 Ke7 31. Nf5+
Kf8 32. f3 Nf6 33. Rcb1 Rxb1 34. Rxb1 Ra6 35. Ne3 Ke8 36. h6 Ra3 37. Nc4 Rxa2
38. Nxe5 Na4 neèitelné 1-0

[Event "M21"]
[Site "?"]
[Date "2024.07.31"]
[Round "6"]
[White "Kalisky, Vladimir"]
[Black "Adelmayer, Matti"]
[Result "1/2-1/2"]
[ECO "B12"]
[WhiteElo "2128"]
[BlackElo "1980"]
[Annotator ",martin-koller@seznam"]
[PlyCount "103"]
[TimeControl "240+2"]

{600MB, Fritz10.ctg} 1. e4 c6 2. d4 d5 3. e5 c5 4. c3 Nc6 5. Be2 cxd4 6. cxd4
Nh6 7. Nc3 Nf5 8. Nf3 e6 9. O-O Qb6 10. Na4 Qc7 11. a3 Bd7 12. g4 Nfe7 13. Be3
h5 14. h3 hxg4 15. hxg4 Ng6 16. Rc1 Be7 17. Nc5 Ngxe5 18. dxe5 Nxe5 19. Re1
Nxf3+ 20. Bxf3 Qh2+ 21. Kf1 Bb5+ 22. Nd3 d4 23. Bxd4 Rd8 24. Qb3 a6 25. a4 Qf4
26. Qxb5+ axb5 27. Nxf4 Rxd4 28. Rc8+ Bd8 29. Re4 Rd2 30. Re2 Rd1+ 31. Re1 Rd4
32. Rd1 Rh1+ 33. Bxh1 Rxd1+ 34. Kg2 bxa4 35. Rc2 Kd7 36. Nh5 g6 37. Ng3 a3 38.
bxa3 Ra1 39. Rb2 Rxa3 40. Rxb7+ Bc7 41. Rb2 f5 42. gxf5 gxf5 43. Rc2 Bxg3 44.
fxg3 e5 45. Kf2 e4 46. Bg2 Kd6 47. Rb2 Ke5 48. Rb5+ Kf6 49. Bh3 Ra2+ 50. Kg1
Ra1+ 51. Kf2 Ra2+ 52. Kg1 1/2-1/2

[Event "M21"]
[Site "?"]
[Date "2024.07.31"]
[Round "6"]
[White "Hartwig, Maik"]
[Black "Dome, Michal"]
[Result "1/2-1/2"]
[ECO "D35"]
[WhiteElo "1999"]
[BlackElo "1932"]
[Annotator ",martin-koller@seznam"]
[PlyCount "154"]
[TimeControl "240+2"]

{600MB, Fritz10.ctg} 1. d4 d5 2. c4 e6 3. Nc3 Nf6 4. Nf3 Be7 5. e3 O-O 6. cxd5
exd5 7. h3 a6 8. Bd3 c5 9. dxc5 Bxc5 10. O-O Nc6 11. a3 Re8 12. b4 Ba7 13. Bb2
Qe7 14. Re1 Be6 15. e4 dxe4 16. Nxe4 Nxe4 17. Bxe4 Rad8 18. Qc2 h6 19. Bxc6
bxc6 20. Qxc6 Rd6 21. Qe4 Red8 22. Rac1 f6 23. Bd4 Qd7 24. Bxa7 Qxa7 25. Rc6
Bf7 26. Rxd6 Rxd6 27. Rc1 Qd7 28. Qc2 Bh5 29. Qc8+ Qxc8 30. Rxc8+ Kh7 31. Rc3
Be8 32. Kh2 Bb5 33. Nh4 Bd7 34. g4 Rd5 35. Ng2 Bb5 36. Nf4 Rd6 37. Kg3 g5 38.
Ng2 Kg6 39. h4 h5 40. gxh5+ Kxh5 41. hxg5 fxg5 42. Ne1 Rd1 43. Nf3 Be2 44. Re3
Bxf3 45. Kxf3 Rd6 46. Kg3 Kg6 47. f3 Kf5 48. Rc3 Kg6 49. a4 Rd4 50. Rb3 Rd6 51.
Rc3 Rd4 52. Rc6+ Kf5 53. b5 axb5 54. axb5 Rb4 55. Rc5+ Kg6 56. Kf2 Rb3 57. Ke2
Kf6 58. Kf2 Kg6 59. Kg3 Rb4 60. Rc6+ Kf5 61. b6 Ke5 62. b7 Rxb7 63. Kg4 Rf7 64.
Rc5+ Ke6 65. Rxg5 Ra7 66. Rb5 Kf7 67. Kf5 Ra6 68. Rb7+ Kf8 69. f4 Ra5+ 70. Kg6
Ra6+ 71. Kg5 Ra5+ 72. f5 Ra6 73. Rc7 Rb6 74. Rc4 Kf7 75. Rc5 Ra6 76. f6 Ra1 77.
Rc7+ Kf8 1/2-1/2

[Event "K21"]
[Site "?"]
[Date "2024.07.31"]
[Round "6"]
[White "Reichmann, Steffen"]
[Black "Adelmeyer, Nelly"]
[Result "1-0"]
[ECO "B12"]
[WhiteElo "1951"]
[BlackElo "1846"]
[Annotator ",martin-koller@seznam"]
[PlyCount "55"]
[TimeControl "240+2"]

{600MB, Fritz10.ctg} 1. e4 c6 2. d4 d5 3. e5 c5 4. dxc5 Nc6 5. Bb5 Bf5 6. Nf3
e6 7. Nd4 Nge7 8. O-O Bg6 9. Bg5 Qc7 10. c3 h6 11. Bf4 Nf5 12. Qa4 Nfe7 13. b4
a6 14. Nd2 Rc8 15. Be2 Kd8 16. b5 Qa5 17. Qb3 Nxd4 18. cxd4 Nf5 19. Nf3 axb5
20. Bd2 Qa4 21. Bxb5 Qxb3 22. Ba5+ Ke7 23. axb3 Bh5 24. Bb4 Kd8 25. Ra7 Rb8 26.
Ba5+ Kc8 27. c6 Be7 28. cxb7+ 1-0

[Event "K21"]
[Site "?"]
[Date "2024.07.31"]
[Round "6"]
[White "Spindler, Markus"]
[Black "Suchy, Ladislav"]
[Result "0-1"]
[ECO "C42"]
[WhiteElo "1901"]
[BlackElo "1856"]
[Annotator ",martin-koller@seznam"]
[PlyCount "62"]
[TimeControl "240+2"]

{600MB, Fritz10.ctg} 1. e4 e5 2. Nf3 Nf6 3. Nxe5 d6 4. Nf3 Nxe4 5. d4 d5 6. Bd3
Be7 7. h3 Bf5 8. O-O Nc6 9. c3 Qd6 10. Be3 O-O-O 11. Nbd2 Qg6 12. Ne1 h5 13.
Qf3 Bg4 14. hxg4 hxg4 15. Bxe4 dxe4 16. Qxe4 Qh5 17. f3 f5 18. Qe6+ Kb8 19. Kf2
Rde8 20. Qd5 Bh4+ 21. Ke2 Rxe3+ 22. Kxe3 f4+ 23. Ke4 Re8+ 24. Qe5 Nxe5 25. dxe5
Qxe5+ 26. Kd3 Rd8+ 27. Kc2 Qe2 28. Rd1 Rxd2+ 29. Rxd2 Qxf1 30. Nd3 gxf3 31.
gxf3 Qxf3 0-1

[Event "K21"]
[Site "?"]
[Date "2024.07.31"]
[Round "6"]
[White "Feierfeil, Jiri"]
[Black "Roubik, Vit"]
[Result "0-1"]
[ECO "E81"]
[WhiteElo "1738"]
[BlackElo "1813"]
[Annotator ",martin-koller@seznam"]
[PlyCount "116"]
[TimeControl "240+2"]

{600MB, Fritz10.ctg} 1. d4 Nf6 2. c4 g6 3. Nc3 Bg7 4. e4 d6 5. f3 O-O 6. Be3
Nbd7 7. Nge2 c5 8. d5 a6 9. Qd2 b5 10. cxb5 axb5 11. Nxb5 Qb6 12. Nec3 Ba6 13.
Be2 Bxb5 14. Bxb5 Ra5 15. a4 Rfa8 16. O-O Qc7 17. b3 Qd8 18. Rab1 Ne8 19. f4
Nc7 20. Bd3 Nb8 21. f5 Nba6 22. Kh1 Nb4 23. Bc4 R5a7 24. Rf3 Qd7 25. Rbf1 Rf8
26. Bh6 f6 27. h4 Rb7 28. Rg3 Qe8 29. Bxg7 Kxg7 30. Ne2 Rg8 31. Rff3 Qf7 32.
fxg6 hxg6 33. e5 f5 34. exd6 exd6 35. Nf4 Kh7 36. Nh3 Kg7 37. Qg5 Kh7 38. Qf4
Qf6 39. Ng5+ Kg7 40. Ne6+ Nxe6 41. dxe6 d5 42. Bb5 Qxe6 43. Qxf5 Qxf5 44. Rxf5
Rd8 45. Rfg5 Rb6 46. Re3 d4 47. Re1 d3 48. Rxc5 d2 49. Rd1 Re6 50. Rc7+ Kh6 51.
Rf7 Re1+ 52. Rf1 Rxf1+ 53. Rxf1 d1=Q 54. Rxd1 Rxd1+ 55. Kh2 Rb1 56. Bc4 Nc6 57.
g4 g5 58. h5 Na5 0-1

[Event "K21"]
[Site "?"]
[Date "2024.07.31"]
[Round "6"]
[White "Smisek, Robin"]
[Black "Nelson, Wayne"]
[Result "0-1"]
[ECO "B13"]
[WhiteElo "1653"]
[BlackElo "1886"]
[Annotator ",martin-koller@seznam"]
[PlyCount "146"]
[TimeControl "240+2"]

{600MB, Fritz10.ctg} 1. e4 c6 2. d4 d5 3. exd5 cxd5 4. Nc3 Nc6 5. Bf4 a6 6. h3
Bf5 7. a3 Nf6 8. Nf3 e6 9. Rb1 Bd6 10. Be5 Bxe5 11. Nxe5 Qc7 12. Nxc6 Qxc6 13.
Bd3 Bg6 14. Bxg6 hxg6 15. Qd3 Rc8 16. O-O O-O 17. Rbc1 b5 18. Rfd1 Ne8 19. Na2
Nd6 20. Nb4 Qb6 21. Rb1 Rc7 22. Rdc1 Rfc8 23. Na2 Nc4 24. c3 Nd6 25. Rd1 a5 26.
Qe2 Qc6 27. Qd3 Qc4 28. Qxc4 Nxc4 29. Kf1 Re7 30. Nc1 Rb8 31. Nd3 g5 32. Nc5
Rb6 33. Rd3 g6 34. Rdd1 Kf8 35. Rd3 Rc7 36. f3 Ra7 37. Ke2 Kg7 38. Kd1 b4 39.
axb4 axb4 40. cxb4 Rxb4 41. Kc1 Nd6 42. g4 Nb5 43. Nb3 Kf6 44. Kd2 Ra2 45. Ke3
Nd6 46. Nd2 Rbxb2 47. Rxb2 Rxb2 48. f4 Nc4+ 49. Nxc4 dxc4 50. fxg5+ Kxg5 51.
Rd1 Rb3+ 52. Kf2 Rxh3 53. d5 exd5 54. Rxd5+ Kxg4 55. Rd4+ Kg5 56. Rxc4 f5 57.
Rc6 Ra3 58. Kg2 Kh5 59. Rc5 Kg4 60. Rc4+ f4 61. Kf2 Ra2+ 62. Ke1 g5 63. Kf1 Kg3
64. Rc1 g4 65. Kg1 f3 66. Rf1 Kf4 67. Kh1 g3 68. Kg1 Rg2+ 69. Kh1 Rh2+ 70. Kg1
f2+ 71. Rxf2+ Rxf2 72. Kh1 Kf3 73. Kg1 Ra2 0-1

[Event "K21"]
[Site "?"]
[Date "2024.07.31"]
[Round "6"]
[White "Artamonov, Mikhail"]
[Black "Plesnivy, Martin"]
[Result "0-1"]
[ECO "B38"]
[WhiteElo "1800"]
[BlackElo "1869"]
[Annotator ",martin-koller@seznam"]
[PlyCount "110"]
[TimeControl "240+2"]

{600MB, Fritz10.ctg} 1. e4 c5 2. Nf3 Nc6 3. c4 g6 4. d4 cxd4 5. Nxd4 Bg7 6. Be3
d6 7. Nc3 Nf6 8. Be2 O-O 9. O-O Nxd4 10. Bxd4 Be6 11. Rc1 Nd7 12. Nd5 Bxd5 13.
exd5 Bxd4 14. Qxd4 Qb6 15. Qd2 Rac8 16. Rfe1 Ne5 17. Kf1 Rc7 18. f4 Nd7 19. Bf3
Nf6 20. g4 Re8 21. f5 Nd7 22. b3 Ne5 23. Be2 Kh8 24. fxg6 fxg6 25. Kg2 Rf8 26.
Rf1 Rcc8 27. Rxf8+ Rxf8 28. Rf1 Rxf1 29. Kxf1 Qd8 30. Kg2 Qf8 31. Qe3 b6 32. b4
Qc8 33. Qf4 Kg7 34. g5 Qa6 35. Qd2 Qa3 36. h4 Kg8 37. Kf2 Qh3 38. Qd4 Qf5+ 39.
Kg2 Qc2 40. Kf2 Nd7 41. Qe3 Kf8 42. Qd4 Ne5 43. a3 Qb3 44. Qe3 Qc2 45. Qh3 Qe4
46. Ke1 Kg7 47. Kd2 Nxc4+ 48. Bxc4 Qxc4 49. Qc3+ Qxc3+ 50. Kxc3 b5 51. Kd4 Kf7
52. Ke4 e6 53. Kd4 Ke7 54. Ke4 exd5+ 55. Kxd5 Kd7 0-1

[Event "M21"]
[Site "?"]
[Date "2024.08.01"]
[Round "7"]
[White "Hanl, Frantisek"]
[Black "Schambach, Frank"]
[Result "1-0"]
[ECO "C29"]
[WhiteElo "2098"]
[BlackElo "1942"]
[Annotator ",martin-koller@seznam"]
[PlyCount "33"]
[TimeControl "240+2"]

{600MB, Fritz10.ctg} 1. e4 e5 2. Nc3 Nf6 3. f4 d5 4. fxe5 Nxe4 5. Nf3 Bg4 6. d3
Nxc3 7. bxc3 d4 8. Be2 Bxf3 9. Bxf3 c6 10. O-O Bc5 11. Be4 Qe7 12. Qg4 O-O 13.
Bg5 Qe6 14. Qh4 g6 15. Bf6 Re8 16. c4 Nd7 17. Bf5 1-0

[Event "M21"]
[Site "?"]
[Date "2024.08.01"]
[Round "7"]
[White "Dome, Michal"]
[Black "Hentzgen, Thomas"]
[Result "1/2-1/2"]
[ECO "B33"]
[WhiteElo "1932"]
[BlackElo "1964"]
[Annotator ",martin-koller@seznam"]
[PlyCount "43"]
[TimeControl "240+2"]

{600MB, Fritz10.ctg} 1. e4 c5 2. Nf3 Nc6 3. d4 cxd4 4. Nxd4 Nf6 5. Nc3 e5 6.
Ndb5 d6 7. Bg5 a6 8. Na3 b5 9. Nab1 Be7 10. Bxf6 Bxf6 11. a4 bxa4 12. Rxa4 O-O
13. Bc4 Nd4 14. Nd5 Bb7 15. O-O Bxd5 16. Bxd5 Ra7 17. Nc3 Qb6 18. b3 a5 19. Bc4
Qc5 20. Nd5 Bd8 21. Ne3 g6 22. Nd5 1/2-1/2

[Event "M21"]
[Site "?"]
[Date "2024.08.01"]
[Round "7"]
[White "Vavrinec, Tomas"]
[Black "Sokolovsky, Jakub"]
[Result "0-1"]
[ECO "D79"]
[WhiteElo "1933"]
[BlackElo "2032"]
[Annotator ",martin-koller@seznam"]
[PlyCount "72"]
[TimeControl "240+2"]

{600MB, Fritz10.ctg} 1. Nf3 Nf6 2. c4 g6 3. g3 Bg7 4. Bg2 c6 5. O-O O-O 6. Nc3
d5 7. cxd5 cxd5 8. d4 Ne4 9. Qb3 Nxc3 10. bxc3 Nc6 11. Nd2 e6 12. e4 Na5 13.
Qd1 b6 14. Re1 Bb7 15. Ba3 Re8 16. e5 Rc8 17. Rc1 Qd7 18. h4 Ba6 19. Bf1 Bxf1
20. Rxf1 Nc4 21. Nxc4 Rxc4 22. Rc2 Rec8 23. Qd2 Qa4 24. Be7 Rxd4 25. cxd4 Qxc2
26. Qb4 Qxa2 27. h5 Qc4 28. Qd2 Qc3 29. Qf4 gxh5 30. Bf6 Qc2 31. Ra1 a5 32. Kh2
Qe4 33. Qg5 Qg6 34. Qf4 h6 35. Ra3 Qe4 36. Qd2 Rc2 0-1

[Event "M21"]
[Site "?"]
[Date "2024.08.01"]
[Round "7"]
[White "Adelmeyer, Matti"]
[Black "Hartwig, Maik"]
[Result "1-0"]
[ECO "B07"]
[WhiteElo "1980"]
[BlackElo "1999"]
[Annotator ",martin-koller@seznam"]
[PlyCount "83"]
[TimeControl "240+2"]

{600MB, Fritz10.ctg} 1. e4 g6 2. d4 Bg7 3. Nc3 d6 4. Be3 Nf6 5. Qd2 c6 6. Bh6
Bxh6 7. Qxh6 Qa5 8. Bd3 b5 9. Nf3 b4 10. Ne2 b3+ 11. c3 Ba6 12. Bxa6 Qxa6 13.
e5 dxe5 14. dxe5 Nd5 15. Qg7 Rf8 16. Ng5 Nd7 17. Nxh7 O-O-O 18. Nxf8 Rxf8 19.
Qh6 Rd8 20. e6 fxe6 21. Qd2 Nc5 22. O-O Nb4 23. Nd4 Nc2 24. Rad1 Nxd4 25. cxd4
bxa2 26. Qe3 Qa4 27. Ra1 Nb3 28. Qxe6+ Rd7 29. h3 Kc7 30. Kh2 Nxa1 31. Rxa1
Qxd4 32. Qxa2 Qxf2 33. Qxa7+ Qxa7 34. Rxa7+ Kd6 35. Rxd7+ Kxd7 36. Kg3 Kd6 37.
Kf4 Kd5 38. Ke3 Kc4 39. h4 c5 40. g4 Kb3 41. h5 gxh5 42. gxh5 1-0